Map: New Repugnancy LE

Players

Reynor

  • Race: Zerg Zerg
  • Spawn Location: 7:00

Rail - Winner!

  • Race: Protoss Protoss
  • Spawn Location: 1:00

Event: IEM Season 13: Katowice (2019)

VOD

Have the link to the VOD?

Description

Time

  • Played on: Feb. 26, 2019, 4:22 a.m.
  • Length: 6:07

All games in this series

Show
View Real Time Build Order
Export as new Build Order

Reynor Zerg 

Build Orders: Hatch First 

Get SALT Encoding   

  12  0:01  Drone  
  13  0:12  Overlord  
  13  0:17  Drone  
  14  0:30  Drone x2  
  16  0:49  Hatchery  
  15  0:52  Drone  
  15  0:55  Drone  
  17  0:58  Drone  
  18  1:09  Extractor  
  17  1:14  Spawning Pool  
  17  1:17  Drone  
  17  1:22  Drone  
  18  1:27  Drone  
  19  1:39  Drone  
  20  1:48  Overlord  
  20  2:01  Queen, Zergling x4  
  20  2:02  Queen  
  26  2:11  Drone  
  26  2:13  Drone  
  26  2:15  Metabolic Boost  
  28  2:21  Drone  
  30  2:22  Drone  
  30  2:40  Hatchery  
  30  2:41  Drone  
  30  2:45  Drone  
  30  2:47  Drone  
  32  2:51  Overlord  
  32  2:58  Queen  
  32  3:01  Drone  
  32  3:04  Drone  
  36  3:10  Drone x2  
  38  3:14  Overlord  
  38  3:15  Drone  
  38  3:16  Drone  
  38  3:19  Drone  
  40  3:20  Drone  
  41  3:28  Drone  
  41  3:32  Overlord  
  42  3:40  Zergling x2  
  43  3:48  Overlord x2  
  43  3:50  Queen  
  43  3:51  Drone  
  43  3:52  Zergling x4, Roach Warren  
  47  3:56  Drone x2  
  47  4:00  Zergling x4  
  47  4:01  Drone  
  52  4:06  Drone x3  
  55  4:13  Extractor x2, Drone x2  
  55  4:16  Overlord  
  55  4:28  Overlord  
  55  4:29  Drone x3  
  58  4:33  Drone x2  
  62  4:38  Drone x4  
  64  4:48  Roach x4  
  64  4:51  Roach x2  
  75  4:54  Drone  
  75  4:56  Roach x2  
  80  5:03  Roach  
  80  5:04  Spine Crawler  
  80  5:05  Roach x3  
  87  5:09  Roach  
  87  5:13  Roach, Overlord  
  90  5:18  Zergling x4  
  88  5:21  Zergling x4  
  88  5:24  Zergling x2  
  88  5:27  Roach  
  84  5:28  Roach  
  84  5:35  Roach  
  78  5:36  Roach  
  78  5:39  Roach  
  78  5:40  Roach  
  75  5:43  Roach x5  
  75  5:45  Roach  
  78  5:55  Ravager  
Show
View Real Time Build Order
Export as new Build Order

Rail Protoss - Winner!

Build Orders: 1 Gate Expand 

Get SALT Encoding   

  12  0:00  Probe  
  13  0:12  Probe  
  14  0:18  Pylon  
  14  0:24  Probe  
  15  0:32  Probe  
  15  0:38  Gateway  
  15  0:40  Probe  
  16  0:47  Assimilator  
  17  0:51  Probe  
  18  1:03  Probe  
  19  1:15  Probe  
  20  1:24  Nexus  
  20  1:34  Cybernetics Core  
  20  1:36  Probe  
  21  1:41  Assimilator  
  21  1:49  Probe  
  21  1:52  Pylon  
  22  2:01  Probe  
  23  2:09  Probe  
  23  2:10  Stalker  
  26  2:18  Robotics Facility  
  26  2:19  Probe  
  26  2:26  Warp Gate  
  26  2:29  Probe  
  27  2:32  Probe  
  29  2:38  Probe  
  29  2:40  Adept  
  29  2:41  Probe  
  32  2:51  Gateway, Probe  
  35  2:58  Probe  
  35  3:03  Twilight Council  
  35  3:08  Immortal  
  35  3:18  Probe  
  40  3:20  Probe  
  41  3:27  Pylon  
  41  3:30  Probe  
  41  3:33  Probe  
  43  3:35  Warp Prism  
  43  3:37  Charge  
  43  3:45  Probe  
  47  3:54  Gateway  
  46  3:56  Gateway  
  46  4:00  Immortal  
  46  4:03  Assimilator  
  46  4:05  Gateway  
  50  4:17  Gateway  
  50  4:21  Gateway  
  50  4:28  Zealot  
  50  4:29  Zealot  
  54  4:34  Pylon  
  54  4:37  Pylon  
  54  4:41  Pylon  
  54  4:50  Pylon  
  54  4:51  Zealot  
  54  4:57  Zealot  
  56  5:00  Zealot x2  
  58  5:08  Zealot  
  58  5:12  Observer  
  61  5:18  Zealot x4  
  69  5:22  Zealot x2  
  69  5:30  Zealot  
  67  5:40  Zealot x2  
  67  5:41  Zealot x2  
  75  5:44  Zealot x2  
  73  6:00  Zealot  
  73  6:01  Zealot x4  
  81  6:04  Zealot  
  81  6:05  Zealot  

Tags
 
Add a new tag
Caveats
  • Supply blocks, unpowered buildings, or Contaminate may cause inaccurate times.
  • Supply counts are checked every 10 seconds.